 Dungeon Crawl Stone Soup version 0.30.1-11-g7821555f0a (webtiles) character file.

Game seed: 2645760579301735736

5 Dordric the Shield-Bearer (level 1, 0/18 HPs)
             Began as a Human Fighter on Oct 31, 2023.
             Succumbed to a goblin's poison
             ... on level 1 of the Dungeon.
             The game lasted 00:00:10 (94 turns).

Dordric the Shield-Bearer (Human Fighter)             Turns: 94, Time: 00:00:10

Health: 0/18       AC:  6    Str: 16    XL:     1   Next: 88%
Magic:  1/1        EV:  8    Int:  8    God:
Gold:   10         SH:  4    Dex: 12    Spells: 0/0 levels left

rFire   . . .        a - +0 long sword
rCold   . . .        c - +0 buckler
rNeg    . . .        b - +0 scale mail
rPois   .            (no helmet)
rElec   .            (no cloak)
rCorr   .            (no gloves)
SInv    .            (no boots)
Will    .....        (no amulet) Stlth
                     (no ring)
HPRegen 0.23/turn    (no ring)
MPRegen 0.07/turn

%: no passive effects
@: lethally poisoned (0 -> -5)
A: no striking features
a: no special abilities


You were on level 1 of the Dungeon.
You visited 1 branch of the dungeon, and saw 1 of its levels.

You collected 10 gold pieces.

Inventory:

Hand Weapons
 a - a +0 long sword (weapon)
Armour
 b - a +0 scale mail (worn)
 c - a +0 buckler (worn)
Scrolls
 e - a scroll of torment {unknown}
Potions
 d - a potion of might


   Skills:
 - Level 3.0 Fighting
 + Level 2.4 Long Blades
 - Level 3.0 Armour
 - Level 3.0 Shields


You couldn't memorise any spells.
You didn't know any spells.
Your spell library contained the following spells:

 Spells                   Type           Power      Damage    Failure   Level
 Frozen Ramparts          Ice            0%         1d1       99%         3
 Ice Form                 Ice/Tmut       0%         N/A       100%        4
 Summon Ice Beast         Ice/Summ       0%         N/A       100%        4
 Simulacrum               Ice/Necr       0%         N/A       100%        6
 Ozocubu's Refrigeration  Ice            0%         4d7       100%        7
 Polar Vortex             Ice            0%         N/A       100%        9


Dungeon Overview and Level Annotations

Branches:
Dungeon (1/15)

Altars:


Message History

You now have 10 gold pieces (gained 7).
Found a stone staircase leading down.
e - a scroll labelled LIKKELA OLLEM You pick up a book of Rime and begin reading...
You add the spells Frozen Ramparts, Ice Form and Summon Ice Beast to your library.
A goblin comes into view. It is wielding a +0 club.
The goblin shouts!
The goblin moves out of view.
A goblin comes into view. It is wielding a +0 dagger of venom.
There is a stone staircase leading down here.
A ball python comes into view.
The ball python hisses angrily.
A giant cockroach comes into view.
The goblin barely misses you.
You hit the goblin.
The goblin is severely wounded.
The goblin hits you with a +0 club.
You closely miss the goblin.
The goblin is severely wounded.
You block the goblin's attack.
You miss the goblin.
The goblin is severely wounded.
The goblin hits you with a +0 club.
The goblin hits you with a +0 dagger of venom.
You are poisoned.
You closely miss the goblin.
The goblin is severely wounded.
You feel sick. You block the goblin's attack.
The goblin hits you with a +0 dagger of venom.
The goblin hits you but does no damage.
The goblin hits you with a +0 dagger of venom.
You are lethally poisoned!
* * * LOW HITPOINT WARNING * * *
You feel sick.
You hit the goblin.
You kill the goblin!
* * * LOW HITPOINT WARNING * * *
You feel very sick.
You closely miss the goblin.
You die...

#...........
#..........
#.........#
#.........
#........ .....B.
#..S# ### #g## ....
#.@##.....
######>...#
#......##.#
#.........#
##......##...#
###.......#.....#
##............ ..#
#..........##. ..
#######...........#
# #


You could see a giant cockroach, a goblin and a ball python.

Vanquished Creatures
  A dart slug (D:1)
  A giant cockroach (D:1)
  A goblin (D:1)
3 creatures vanquished.

Notes
Turn   | Place    | Note
-------+----------+-------------------------------------------
     0 | D:1      | Dordric the Human Fighter began the quest for the Orb.
     0 | D:1      | Reached XP level 1. HP: 18/18 MP: 1/1
    94 | D:1      | Succumbed to a goblin's poison

Illustrated notes

Levels and vault maps discovered:
D:1:      minmay_arrival_five_plusses, layout_basic,
          chequers_ecumenical_altar_lobes, grunt_decor_cap, minivault_5,
          minmay_crystal_water

Action                     || total
---------------------------++-------
  Melee: Long sword        ||    15
 Armour: Scale mail        ||     8
  Dodge: Dodged            ||     4
  Block: Buckler           ||     3
